BSA
VISTA PANTHERS @ BOSTON REBELS
07/06/2027
 
TOP OF THE 1ST
Vista Panthers batting - Pitching for Boston Rebels : LHP Jung-keun Yi
Pitching: LHP Jung-keun Yi
Batting: RHB John Mendelson 0-0: Ball
1-0: Fly out, F6 (Line Drive, 6)
Batting: RHB Roberto Cruz 0-0: Bunt missed!
0-1: Ball
1-1: Ball
2-1: Called Strike
2-2: Ball
3-2: Foul Ball, location: 2F
3-2: DOUBLE (Flyball, 78XD)
Batting: LHB Bob Cunningham 0-0: Ball
1-0: Ball
2-0: Ground out 5-3 (Groundball, 56S)
Roberto Cruz to third
Batting: RHB Cisco Gatán 0-0: Called Strike
0-1: Ball
1-1: Ball
2-1: Ball
3-1: Foul Ball, location: 2F
3-2: Base on Balls
Batting: LHB Donovan Bird 0-0: Fly out, F4 (Popup, 34D)
Top of the 1st over - 0 run(s), 1 hit(s), 0 error(s), 2 left on base; Vista 0 - Boston 0
BOTTOM OF THE 1ST
Boston Rebels batting - Pitching for Vista Panthers : RHP Scott Walker
Pitching: RHP Scott Walker
Batting: RHB Aaron Washington 0-0: Called Strike
0-1: Ball
1-1: SINGLE (Line Drive, 7LS)
Batting: RHB Gerardo Escobedo 0-0: Fly out, F7 (Line Drive, 7D)
Batting: LHB Bill Wilson 0-0: Ball
1-0: SINGLE (Line Drive, 56D)
Aaron Washington to second
Batting: LHB Miguel Rivería 0-0: Called Strike
0-1: Ball
1-1: Called Strike
1-2: Fly out, F7 (Flyball, 78M)
Batting: LHB Felipe Guerrero 0-0: SINGLE (Groundball, 34D)
Aaron Washington to third
Bill Wilson to second
Runner from 3rd tries for Home, SAFE, no throw
Batting: RHB Ronnie Brown 0-0: Called Strike
0-1: Ball
1-1: SINGLE (Groundball, 4D)
Bill Wilson to third
Felipe Guerrero to second
Runner from 3rd tries for Home, SAFE, throw made home
Felipe Guerrero to third
Ronnie Brown to second
Batting: RHB Pedro Rodríguez 0-0: Called Strike
0-1: Ball
1-1: Called Strike
1-2: Strikes out swinging
Bottom of the 1st over - 2 run(s), 4 hit(s), 0 error(s), 2 left on base; Vista 0 - Boston 2
TOP OF THE 2ND
Vista Panthers batting - Pitching for Boston Rebels : LHP Jung-keun Yi
Batting: RHB Griswold Coleman 0-0: Ball
1-0: Foul Ball, location: 2F
1-1: Ball
2-1: Ball
3-1: Called Strike
3-2: Fly out, F8 (Flyball, 8RD)
Batting: RHB Salvador Salas 0-0: Swinging Strike
0-1: Ground out 1-3 (Groundball, 13)
Batting: LHB Patrick Osborne 0-0: Ball
1-0: Fly out, F7 (Flyball, 7LS)
Top of the 2nd over - 0 run(s), 0 hit(s), 0 error(s), 0 left on base; Vista 0 - Boston 2
BOTTOM OF THE 2ND
Boston Rebels batting - Pitching for Vista Panthers : RHP Scott Walker
Batting: LHB Arturo Molina 0-0: Ball
1-0: Swinging Strike
1-1: Foul Ball, location: 2F
1-2: Strikes out swinging
Batting: RHB Alberto Ramos 0-0: Called Strike
0-1: Ball
1-1: Ball
2-1: Foul Ball, location: 2F
2-2: Strikes out swinging
Batting: RHB Aaron Washington 0-0: Called Strike
0-1: Fly out, F8 (Flyball, 8LXD)
Bottom of the 2nd over - 0 run(s), 0 hit(s), 0 error(s), 0 left on base; Vista 0 - Boston 2
TOP OF THE 3RD
Vista Panthers batting - Pitching for Boston Rebels : LHP Jung-keun Yi
Batting: RHB Justin Burgess 0-0: Ball
1-0: Swinging Strike
1-1: Ground out 4-3 (Groundball, 4)
Batting: RHB John Mendelson 0-0: Foul Ball, location: 2F
0-1: Ball
1-1: Foul Ball, location: 2F
1-2: Foul Ball, location: 2F
1-2: Foul Ball, location: 2F
1-2: Strikes out swinging
Batting: RHB Roberto Cruz 0-0: Called Strike
0-1: Ball
1-1: Called Strike
1-2: Ball
2-2: Fly out, F7 (Flyball, 7S)
Top of the 3rd over - 0 run(s), 0 hit(s), 0 error(s), 0 left on base; Vista 0 - Boston 2
BOTTOM OF THE 3RD
Boston Rebels batting - Pitching for Vista Panthers : RHP Scott Walker
Batting: RHB Gerardo Escobedo 0-0: Foul Ball, location: 2F
0-1: Ball
1-1: Ball
2-1: Fly out, F7 (Line Drive, 7)
Batting: LHB Bill Wilson 0-0: Ball
1-0: Called Strike
1-1: Swinging Strike
1-2: Foul Ball, location: 2F
1-2: Ball
2-2: Strikes out swinging
Batting: LHB Miguel Rivería 0-0: Ball
1-0: Called Strike
1-1: Foul Ball, location: 2F
1-2: Fly out, F8 (Flyball, 8RM)
Bottom of the 3rd over - 0 run(s), 0 hit(s), 0 error(s), 0 left on base; Vista 0 - Boston 2
TOP OF THE 4TH
Vista Panthers batting - Pitching for Boston Rebels : LHP Jung-keun Yi
Batting: LHB Bob Cunningham 0-0: SINGLE (Line Drive, 34D)
Batting: RHB Cisco Gatán 0-0: Foul Ball, location: 2F
0-1: Called Strike
0-2: Ball
1-2: Foul Ball, location: 2F
1-2: Ball
2-2: Foul Ball, location: 2F
2-2: SINGLE (Flyball, 7LS)
Bob Cunningham to second
Batting: LHB Donovan Bird 0-0: 3-RUN HOME RUN (Flyball, 89XD), Distance : 464 ft
Batting: RHB Griswold Coleman 0-0: Ball
1-0: Foul Ball, location: 2F
1-1: Ball
2-1: Ball
3-1: Called Strike
3-2: Base on Balls
Batting: RHB Salvador Salas 0-0: Grounds into double play, 6-4-3 (Groundball, 6)
Batting: LHB Patrick Osborne 0-0: Ball
1-0: Fly out, F8 (Flyball, 8LM)
Top of the 4th over - 3 run(s), 3 hit(s), 0 error(s), 0 left on base; Vista 3 - Boston 2
BOTTOM OF THE 4TH
Boston Rebels batting - Pitching for Vista Panthers : RHP Scott Walker
Batting: LHB Felipe Guerrero 0-0: Ball
1-0: Ball
2-0: Foul Ball, location: 2F
2-1: Swinging Strike
2-2: Strikes out swinging
Batting: RHB Ronnie Brown 0-0: Ball
1-0: Ground out 4-3 (Groundball, 4)
Batting: RHB Pedro Rodríguez 0-0: Ball
1-0: Called Strike
1-1: Called Strike
1-2: Strikes out looking
Bottom of the 4th over - 0 run(s), 0 hit(s), 0 error(s), 0 left on base; Vista 3 - Boston 2
TOP OF THE 5TH
Vista Panthers batting - Pitching for Boston Rebels : LHP Jung-keun Yi
Batting: RHB Justin Burgess 0-0: Ball
1-0: Swinging Strike
1-1: Fly out, F4 (Popup, 34)
Batting: RHB John Mendelson 0-0: Called Strike
0-1: Ball
1-1: Swinging Strike
1-2: Foul Ball, location: 2F
1-2: SINGLE (Groundball, 34D)
Batting: RHB Roberto Cruz 0-0: Ball
1-0: 2-RUN HOME RUN (Flyball, 78XD), Distance : 422 ft
Pitching: RHP Chad Field
Batting: LHB Bob Cunningham 0-0: Called Strike
0-1: SINGLE (Line Drive, 89S)
Batting: RHB Cisco Gatán 0-0: Called Strike
0-1: Ball
1-1: Ball
2-1: Ball
3-1: Base on Balls
Bob Cunningham to second
Batting: LHB Donovan Bird 0-0: Ball
1-0: Called Strike
1-1: Ball
2-1: Foul Ball, location: 2F
2-2: Ball
3-2: Foul Ball, location: 2F
3-2: Strikes out looking
Batting: RHB Griswold Coleman 0-0: Ball
1-0: Called Strike
1-1: Ball
2-1: Swinging Strike
2-2: Ball
3-2: Foul Ball, location: 2F
3-2: Base on Balls
Bob Cunningham to third
Cisco Gatán to second
Batting: RHB Salvador Salas 0-0: Foul Ball, location: 2F
0-1: Ball
1-1: Fly out, F4 (Popup, 34D)
Top of the 5th over - 2 run(s), 3 hit(s), 0 error(s), 3 left on base; Vista 5 - Boston 2
BOTTOM OF THE 5TH
Boston Rebels batting - Pitching for Vista Panthers : RHP Scott Walker
Batting: LHB Arturo Molina 0-0: Ball
1-0: Called Strike
1-1: Swinging Strike
1-2: Ball
2-2: DOUBLE (Groundball, 3L)
Batting: RHB Alberto Ramos 0-0: Called Strike
0-1: Swinging Strike
0-2: Ball
1-2: Ball
2-2: Ball
3-2: Ground out 6-3 (Groundball, 56)
Batting: RHB Aaron Washington 0-0: Ground out U3 (Groundball, 34)
Arturo Molina to third
Batting: RHB Gerardo Escobedo 0-0: Ball
1-0: Foul Ball, location: 2F
1-1: Foul Ball, location: 2F
1-2: SINGLE (Groundball, 6D)
Arturo Molina scores
Batting: LHB Bill Wilson 0-0: Ball
1-0: Swinging Strike
1-1: Ball
2-1: Ball
3-1: Swinging Strike
3-2: Foul Ball, location: 2F
3-2: Strikes out looking
Bottom of the 5th over - 1 run(s), 2 hit(s), 0 error(s), 1 left on base; Vista 5 - Boston 3
TOP OF THE 6TH
Vista Panthers batting - Pitching for Boston Rebels : RHP Chad Field
Batting: LHB Patrick Osborne 0-0: Fly out, F7 (Flyball, 7LM)
Batting: RHB Justin Burgess 0-0: Ball
1-0: Called Strike
1-1: Called Strike
1-2: Ball
2-2: Foul Ball, location: 2F
2-2: Fly out, F7 (Flyball, 78M)
Batting: RHB John Mendelson 0-0: SINGLE (Line Drive, 34D)
Batting: RHB Roberto Cruz 0-0: Ball
1-0: 2-RUN HOME RUN (Flyball, 7LD), Distance : 364 ft
Pitching: RHP Manuel Jimenen
Batting: LHB Bob Cunningham 0-0: Ball
1-0: Called Strike
1-1: Swinging Strike
1-2: Ball
2-2: Strikes out swinging
Top of the 6th over - 2 run(s), 2 hit(s), 0 error(s), 0 left on base; Vista 7 - Boston 3
BOTTOM OF THE 6TH
Boston Rebels batting - Pitching for Vista Panthers : RHP Scott Walker
Batting: LHB Miguel Rivería 0-0: Called Strike
0-1: Swinging Strike
0-2: Strikes out swinging
Batting: LHB Felipe Guerrero 0-0: SINGLE (Line Drive, 56)
Batting: RHB Ronnie Brown 0-0: Called Strike
0-1: Swinging Strike
0-2: Ball
1-2: Strikes out swinging
Batting: RHB Pedro Rodríguez 0-0: Called Strike
0-1: Fielders Choice at 2nd, 6-4 (Groundball, 6)
Bottom of the 6th over - 0 run(s), 1 hit(s), 0 error(s), 0 left on base; Vista 7 - Boston 3
TOP OF THE 7TH
Vista Panthers batting - Pitching for Boston Rebels : RHP Manuel Jimenen
Batting: RHB Cisco Gatán 0-0: Ball
1-0: Ball
2-0: Foul Ball, location: 2F
2-1: Ball
3-1: Called Strike
3-2: Ground out 5-3 (Groundball, 5L)
Batting: LHB Donovan Bird 0-0: Ball
1-0: Foul Ball, location: 2F
1-1: Ball
2-1: Foul Ball, location: 2F
2-2: Strikes out swinging
Batting: RHB Griswold Coleman 0-0: Ball
1-0: Called Strike
1-1: Ball
2-1: Ground out 6-3 (Groundball, 6)
Top of the 7th over - 0 run(s), 0 hit(s), 0 error(s), 0 left on base; Vista 7 - Boston 3
BOTTOM OF THE 7TH
Boston Rebels batting - Pitching for Vista Panthers : RHP Scott Walker
Batting: LHB Arturo Molina 0-0: Ball
1-0: Ball
2-0: Foul Ball, location: 2F
2-1: Ball
3-1: Foul Ball, location: 2F
3-2: Fly out, F2 (Popup, 3S)
Batting: RHB Alberto Ramos 0-0: SINGLE (Line Drive, 9LS)
Batting: RHB Aaron Washington 0-0: Ball
1-0: Ball
2-0: SINGLE (Groundball, 6MD)
Alberto Ramos to second
Runner from 2nd tries for 3rd, SAFE, no throw
Batting: RHB Gerardo Escobedo 0-0: Ball
1-0: DOUBLE (Line Drive, 9LD)
Alberto Ramos scores
Aaron Washington to third
Pitching: RHP Mitsunari Taguchi
Batting: LHB Bill Wilson 0-0: Swinging Strike
0-1: Called Strike
0-2: Foul Ball, location: 2F
0-2: Fly out, F9 (Flyball, 9S)
Pitching: LHP Mario Tobías
Batting: LHB Miguel Rivería 0-0: Called Strike
0-1: Foul Ball, location: 2F
0-2: Ball
1-2: Foul Ball, location: 2F
1-2: Ball
2-2: Foul Ball, location: 2F
2-2: Foul Ball, location: 2F
2-2: Strikes out swinging
Bottom of the 7th over - 1 run(s), 3 hit(s), 0 error(s), 2 left on base; Vista 7 - Boston 4
TOP OF THE 8TH
Vista Panthers batting - Pitching for Boston Rebels : RHP Manuel Jimenen
Batting: RHB Salvador Salas 0-0: Foul Ball, location: 2F
0-1: Ball
1-1: Called Strike
1-2: Strikes out swinging
Batting: LHB Patrick Osborne 0-0: Called Strike
0-1: Swinging Strike
0-2: Ball
1-2: Strikes out swinging
Batting: RHB Justin Burgess 0-0: Ball
1-0: Foul Ball, location: 2F
1-1: Swinging Strike
1-2: Ground out 4-3 (Groundball, 4)
Top of the 8th over - 0 run(s), 0 hit(s), 0 error(s), 0 left on base; Vista 7 - Boston 4
BOTTOM OF THE 8TH
Boston Rebels batting - Pitching for Vista Panthers : LHP Mario Tobías
Pitching: RHP José Betancourt
Batting: LHB Felipe Guerrero 0-0: Ball
1-0: Foul Ball, location: 2F
1-1: Foul Ball, location: 2F
1-2: Ball
2-2: Foul Ball, location: 2F
2-2: Foul Ball, location: 2F
2-2: Ball
3-2: Ground out 4-3 (Groundball, 4)
Batting: RHB Ronnie Brown 0-0: Ball
1-0: Ball
2-0: Ball
3-0: Base on Balls
Batting: RHB Pedro Rodríguez 0-0: Ball
1-0: Grounds into double play, 5-4-3 (Groundball, 5)
Bottom of the 8th over - 0 run(s), 0 hit(s), 0 error(s), 0 left on base; Vista 7 - Boston 4
TOP OF THE 9TH
Vista Panthers batting - Pitching for Boston Rebels : RHP Manuel Jimenen
Batting: RHB John Mendelson 0-0: Ball
1-0: Called Strike
1-1: Ground out 6-3 (Groundball, 6)
Batting: RHB Roberto Cruz 0-0: Foul Ball, location: 2F
0-1: Foul Ball, location: 2F
0-2: Foul Ball, location: 2F
0-2: Strikes out looking
Batting: LHB Bob Cunningham 0-0: SINGLE (Groundball, 56S) (infield hit)
Batting: RHB Cisco Gatán 0-0: Ball
1-0: Ball
2-0: Ball
3-0: Called Strike
3-1: Base on Balls
Bob Cunningham to second
Batting: LHB Donovan Bird 0-0: Ball
1-0: Called Strike
1-1: Foul Ball, location: 2F
1-2: Fielders Choice at 2nd, 4-6 (Groundball, 4)
Top of the 9th over - 0 run(s), 1 hit(s), 0 error(s), 1 left on base; Vista 7 - Boston 4
BOTTOM OF THE 9TH
Boston Rebels batting - Pitching for Vista Panthers : RHP José Betancourt
Pitching: RHP David Simpson
Batting: LHB Arturo Molina 0-0: Ball
1-0: Ball
2-0: Foul Ball, location: 2F
2-1: Foul Ball, location: 2F
2-2: Strikes out swinging
Batting: RHB Alberto Ramos 0-0: Called Strike
0-1: Called Strike
0-2: Ball
1-2: Strikes out swinging
Batting: RHB Aaron Washington 0-0: Ground out 6-3 (Groundball, 6)
Bottom of the 9th over - 0 run(s), 0 hit(s), 0 error(s), 0 left on base; Vista 7 - Boston 4
Thursday, March 30th, 2017 - OOTP Baseball 17.12 Build 75